 Dungeon Crawl Stone Soup version 0.24.0-41-g2ae2f7f1be (webtiles) character file.

Game seed: 9632651822086912502, levelgen mode: deterministic

5115 Amplified the Fighter (level 10, -2/91 HPs)
             Began as a Minotaur Earth Elementalist on Dec 11, 2019.
             Was a Priest of Makhleb.
             Slain by a wyvern (18 damage)
             ... on level 9 of the Dungeon.
             The game lasted 00:22:02 (11897 turns).

Amplified the Fighter (MiEE)                       Turns: 11897, Time: 00:22:03

Health: -2/91      AC:  3    Str: 15    XL:     10   Next: 32%
Magic:  11/14      EV: 13    Int: 12    God:    Makhleb [***...]
Gold:   388        SH:  0    Dex: 12    Spells: 11/16 levels left

rFire    + . .     SeeInvis .   C - +9 staff of Olgreb {rPois}
rCold    . . .     Gourm    .   (no shield)
rNeg     . . .     Faith    +   c - +1 robe
rPois    ∞         Spirit   .   (helmet restricted)
rElec    .         Reflect  .   (no cloak)
rCorr    .         Harm     .   (no gloves)
MR       .....                  (no boots)
Stlth    ++........             p - amulet of faith
HPRegen  0.25/turn              r - ring of poison resistance
MPRegen  0.14/turn              w - ring of protection from fire

@: no status effects
A: retaliatory headbutt, horns 2
a: Minor Destruction, Lesser Servant of Makhleb, Renounce Religion


You were on level 9 of the Dungeon.
You worshipped Makhleb.
Makhleb was most pleased with you.
You were hungry.

You visited 2 branches of the dungeon, and saw 10 of its levels.
You also visited: Ossuary.

You collected 388 gold pieces.

Inventory:

Hand Weapons
 g - a +4 whip of pain
 C - the +9 staff of Olgreb (weapon) {rPois}
   (You found it on level 5 of the Dungeon)

   It protects you from poison.
Missiles
 b - 276 stones
 e - 29 poisoned darts (quivered)
 f - 250 arrows
 m - 3 curare-tipped darts
Armour
 c - a +1 robe (worn)
 A - a +0 shield
Jewellery
 a - an uncursed ring of teleportation
 p - an amulet of faith (around neck)
 r - a ring of poison resistance (left hand)
 t - an uncursed amulet of the gourmand
 w - a ring of protection from fire (right hand)
 D - an uncursed ring of flight
Wands
 l - a wand of digging (7)
Scrolls
 i - a scroll of enchant armour
 k - 2 scrolls of remove curse
 q - a scroll of identify
 v - a scroll of noise
 y - a scroll of enchant weapon
Potions
 h - 3 potions of flight
 j - 2 potions of cancellation
 o - 4 potions of brilliance
 s - 2 potions of mutation
 F - a potion of magic
Comestibles
 d - 13 rations
 x - 3 chunks of flesh


   Skills:
 * Level 9.4 Fighting
 - Level 5.4(7.1) Maces & Flails
 * Level 7.1(8.0) Staves
 - Level 4.1 Throwing
 - Level 5.9 Armour
 - Level 3.2 Dodging
 - Level 1.5 Stealth
 + Level 3.6 Spellcasting
 - Level 0.7 Transmutations
 - Level 2.4 Earth Magic
 * Level 4.4 Poison Magic
 - Level 0.9 Invocations


You had 11 spell levels left.
You knew the following spells:

 Your Spells              Type           Power        Failure   Level  Hunger
b - Passwall              Tmut/Erth      #.......     19%         2    ##.....
c - Mephitic Cloud        Conj/Pois/Air  #.......     36%         3    ###....

Your spell library contained the following spells:

 Spells                   Type           Power        Failure   Level  Hunger
 Sandblast                Erth           #.....       9%          1    #......
 Freeze                   Ice            #...         24%         1    #......
 Magic Dart               Conj           #...         24%         1    #......
 Blink                    Tloc           N/A          34%         2    ##.....
 Call Imp                 Summ           #.......     34%         2    ##.....
 Slow                     Hex            #.......     34%         2    ##.....
 Throw Frost              Conj/Ice       #.....       34%         2    ##.....
 Stone Arrow              Conj/Erth      #.....       38%         3    ###....
 Conjure Flame            Conj/Fire      #.......     56%         3    ###....
 Ozocubu's Armour         Chrm/Ice       #.......     56%         3    ###....
 Petrify                  Tmut/Erth      #.......     77%         4    #####..
 Summon Ice Beast         Ice/Summ       #.......     93%         4    #####..
 Throw Icicle             Conj/Ice       #.......     93%         4    #####..
 Lee's Rapid Deconstruct  Erth           #.........   94%         5    ######.


Dungeon Overview and Level Annotations

Branches:
Dungeon (9/15)             Temple (1/1) D:4            Lair (0/6) D:8
Ossuary (visited)
    Orc: D:9-12

Altars:
Ashenzari
Cheibriados
Dithmenos
Elyvilon
Fedhas
Gozag
Hepliaklqana
Kikubaaqudgha
Makhleb
Nemelex Xobeh
Okawaru
Qazlal
Ru
Sif Muna
Trog
Uskayaw
Vehumet
Wu Jian
Xom
Yredelemnul
Zin
The Shining One

Shops:
D:7 *

Annotations:
D:9 Maurice


Innate Abilities, Weirdness & Mutations

You reflexively headbutt those who attack you in melee.
You have a pair of horns on your head.


Message History

Okay, then.
Casting: Mephitic Cloud (slightly dangerous; 36% risk of failure)
Confirm with . or Enter, or press ? or * to list all spells.
Aiming: Mephitic Cloud (slightly dangerous; 36% risk of failure)
Press: ? - help, Shift-Dir - straight line, f/p - wyvern
Aim: a wyvern You feel a surge of power!
The ball explodes into a vile cloud!
The stinking cloud engulfs the wyvern but does no damage.
The stinking cloud engulfs you but does no damage.
The stinking cloud engulfs the yak but does no damage.
The yak is lightly wounded.
The stinking cloud engulfs the ice beast but does no damage.
The ice beast is lightly wounded.
You hear a shout!
You hear a bellow!
You hear a shout!
The wyvern is engulfed in noxious fumes.
The wyvern barely misses you. You furiously retaliate!
You headbutt the wyvern, but do no damage.
The wyvern is engulfed in noxious fumes.
The wyvern appears confused.
The wyvern bites you!!
You die...

..#.#. .#...........
... .#.#........... .
#.##..#........... #.
#.#.##...l....... ..#
#..............# ##
#$#.#.##..##.....##
#..##.##.(#..##....##
#. #.....#.#...#....#
#. ...#@#...#...##.###
#.#####l#####.....## ..
#.....lYY..(......# ...
#........l........#
....#.........YY..##.##
.................#####
..............#.@.###
.........((..####Y(.#
....##..###..##.##..#


You could see Maurice, 3 yaks, 2 wyverns, an ice beast and a friendly iguana.

Vanquished Creatures
  A hornet (D:8)
  A troll (D:9)
  Prince Ribbit (D:6)
  A hippogriff (D:8)
  Eustachio (D:5)
  A soldier ant (D:8)
  2 orc warriors
  An ice beast (D:8)
  A sky beast (D:8)
  An eye of draining (D:8)
  2 phantoms
  7 ogres
  3 centaurs
  A crocodile (D:8)
  3 elf zombies (Ossuary)
  2 bullfrogs
  A wyvern skeleton (D:8)
  4 scorpions
  6 killer bees (D:8)
  5 wights (D:7)
  A centaur zombie (Ossuary)
  A crimson imp (D:6)
  3 jellies
  5 orc priests
  2 hounds
  A bullfrog skeleton (D:9)
  6 human zombies (Ossuary)
  A centaur skeleton (D:9)
  Ijyb (D:3)
  Terence (D:3)
  Natasha (thrice) (D:3)
  7 iguanas
  4 orc wizards
  5 worker ants
  3 hound skeletons
  3 mummies (Ossuary)
  4 gnolls (D:7)
  9 adders
  2 shadow imps (D:9)
  An ooze (D:7)
  An adder skeleton (D:6)
  3 worms
  A dart slug (D:1)
  10 leopard geckos
  28 orcs
  2 ball pythons
  11 giant cockroaches
  2 goblins (D:1)
  10 hobgoblins
  24 jackals
  3 quokkas
  10 bats
  10 frilled lizards
  A jackal zombie (D:6)
  9 kobolds
  A quokka zombie (D:7)
  6 rats
240 creatures vanquished.

Vanquished Creatures (others)
  A deep elf mage (D:8)
1 creature vanquished.

Grand Total: 241 creatures vanquished

Notes
Turn   | Place    | Note
-------+----------+-------------------------------------------
     0 | D:1      | Amplified the Minotaur Earth Elementalist began the quest
                  | for the Orb.
     0 | D:1      | Reached XP level 1. HP: 14/14 MP: 1/1
   293 | D:1      | Reached skill level 1 in Fighting
   293 | D:1      | Reached skill level 1 in Armour
   318 | D:1      | Reached XP level 2. HP: 17/23 MP: 0/3
   795 | D:1      | Reached XP level 3. HP: 18/29 MP: 2/4
  1199 | D:1      | Learned a level 2 spell: Passwall
  1656 | D:2      | Reached skill level 2 in Fighting
  1953 | D:2      | Reached skill level 1 in Maces & Flails
  1953 | D:2      | Reached XP level 4. HP: 31/36 MP: 3/5
  2518 | D:3      | Noticed Ijyb
  2537 | D:3      | Killed Ijyb
  2537 | D:3      | Reached skill level 1 in Throwing
  2537 | D:3      | Reached XP level 5. HP: 43/44 MP: 6/6
  2627 | D:3      | Noticed Terence
  2637 | D:3      | Killed Terence
  2637 | D:3      | Reached skill level 3 in Fighting
  2834 | D:3      | Noticed Natasha
  2841 | D:3      | Killed Natasha
  3075 | D:3      | Found a faded altar of an unknown god.
  3179 | D:3      | Noticed Natasha
  3185 | D:3      | Killed Natasha
  3307 | D:4      | Found a staircase to the Ecumenical Temple.
  3362 | D:4      | Found a sand-covered staircase.
  3369 | Ossuary  | Entered an ossuary
  3390 | Ossuary  | Reached XP level 6. HP: 46/51 MP: 7/7
  3453 | Ossuary  | HP: 2/52 [elf zombie (5)]
  3830 | Ossuary  | Reached skill level 4 in Fighting
  4205 | Ossuary  | Reached XP level 7. HP: 41/60 MP: 8/8
  4911 | D:4      | Reached skill level 5 in Fighting
  4911 | D:4      | Reached skill level 5 in Armour
  4919 | Temple   | Entered the Ecumenical Temple
  4959 | Temple   | Became a worshipper of Makhleb the Destroyer
  5206 | D:3      | Noticed Natasha
  5215 | D:3      | Killed Natasha
  5576 | D:4      | Reached XP level 8. HP: 69/69 MP: 9/9
  5801 | D:4      | Reached skill level 5 in Maces & Flails
  5804 | D:4      | Reached * piety under Makhleb
  6150 | D:5      | Entered Level 5 of the Dungeon
  6453 | D:5      | Found a sacrificial altar of Ru.
  6779 | D:5      | Found the +9 staff of Olgreb {rPois}
  6806 | D:5      | Learned a level 3 spell: Mephitic Cloud
  6912 | D:6      | Noticed Prince Ribbit
  6922 | D:6      | Noticed Eustachio
  6933 | D:5      | Killed Eustachio
  6933 | D:5      | Reached skill level 6 in Fighting
  6933 | D:5      | Reached skill level 1 in Staves
  7015 | D:5      | Reached skill level 1 in Poison Magic
  7432 | D:6      | Killed Prince Ribbit
  7818 | D:6      | Reached ** piety under Makhleb
  7863 | D:6      | Reached XP level 9. HP: 36/78 MP: 11/11
  8065 | D:7      | Reached skill level 7 in Fighting
  9281 | D:7      | Found Epiocwiu's General Store.
  9647 | D:8      | Reached skill level 5 in Staves
  9657 | D:8      | Reached skill level 8 in Fighting
  9763 | D:8      | Reached *** piety under Makhleb
 10158 | D:9      | Noticed an orc sorcerer
 10161 | D:9      | Noticed an orange demon
 10161 | D:9      | Paralysed by an orc sorcerer for 3 turns
 10174 | D:9      | Noticed a deep elf mage
 10180 | D:9      | Noticed a cyclops
 10195 | D:8      | Killed a deep elf mage
 10440 | D:8      | Reached XP level 10. HP: 70/90 MP: 13/13
 10683 | D:8      | Reached skill level 9 in Fighting
 10875 | D:8      | Found a staircase to the Lair.
 11100 | D:6      | Found a white marble altar of Elyvilon.
 11815 | D:9      | Noticed Maurice
 11897 | D:9      | Slain by a wyvern

Levels and vault maps discovered:
D:1:      minmay_arrival_solitary_statue, layout_loops_ring, hex_tiny
D:2:      layout_rooms, grunt_ministairs_11
D:3:      layout_loops_cross, chequers_ecumenical_altar_simple_redux,
          first_ration, serial_park_tiny_2, hangedman_abyss_or_decor_stabs,
          kennysheep_small_spiral, uniq_natasha, uniq_terence, uniq_ijyb
D:4:      layout_basic, minmay_temple_entry_proselytizer, gup_sewer_entry_pipe,
          enter_ossuary_2
D:5:      layout_loops_cross, kennysheep_little_box
D:6:      layout_cave_pools, basic_altar, uniq_prince_ribbit1, uniq_eustachio
D:7:      layout_basic, serial_shops, shop_statue
D:8:      layout_rooms, lair_entry_dummy, hangedman_pestilent_swarm
D:9:      minmay_the_grid_net [minmay_the_grid_outer_diamond,
          minmay_the_grid_tri_star, minmay_the_grid_spin_star,
          minmay_the_grid_odd_star, minmay_the_grid_expand,
          minmay_the_grid_prize_four_corners], layout_cave_pools, uniq_maurice
Temple:   nicolae_temple_the_god_donut

Skill      XL: |  1  2  3  4  5  6  7  8  9 10 |
---------------+-------------------------------+-----
Fighting       | 1 2 3 4 5 6 8 9 |  9.4
Armour         | 1 2 3 4 5 |  5.9
Dodging        | 3 |  3.2
Maces & Flails | 1 2 3 4 5 |  5.4
Throwing       | 1 2 3 4 |  4.1
Staves         | 3 6 7 |  7.1
Poison Magic   | 2 3 4 |  4.4
Spellcasting   | 2 3 |  3.6
Stealth        | |  1.5
Transmutations | |  0.7
Earth Magic    | |  2.4
Invocations    | |  0.9

Action                   |  1- 3 |  4- 6 |  7- 9 | 10-12 || total
-------------------------+-------+-------+-------+-------++-------
Melee: Unarmed           |    69 |       |       |       ||    69
       Headbutt          |    12 |    36 |    60 |    16 ||   124
       Whip              |    26 |   190 |   167 |       ||   383
       Staff             |       |       |   206 |    82 ||   288
Throw: Stone             |     5 |       |     2 |       ||     7
       Dart              |    14 |     6 |    11 |       ||    31
 Cast: Sandblast         |    25 |    14 |     1 |       ||    40
       Mephitic Cloud    |       |       |     2 |     4 ||     6
Evoke: Wand              |       |     1 |    14 |       ||    15
       Staff of Olgreb   |       |       |    16 |     9 ||    25
  Use: Scroll            |     2 |    10 |     8 |     7 ||    27
       Potion            |       |     2 |     4 |     3 ||     9
 Stab: Sleeping          |     4 |       |     4 |     1 ||     9
  Eat: Chunk             |     4 |     6 |    10 |       ||    20
       Ration            |       |     1 |     3 |     1 ||     5
Armor: Robe              |    32 |    23 |    37 |     7 ||    99
Dodge: Dodged            |    79 |   109 |   223 |    73 ||   484
